 Dungeon Crawl Stone Soup version 0.31-a0-1074-g0b22e4e0f1 (webtiles) character file.

Game seed: 13008129806431338769

35 backslashecho the Grasshopper (level 3, 0/27 HPs)
             Began as a Human Warper on Dec 5, 2023.
             Frozen to death by an endoplasm (5 damage)
             ... on level 2 of the Dungeon.
             The game lasted 00:03:05 (1447 turns).

backslashecho the Grasshopper (Human Warper)        Turns: 1447, Time: 00:03:06

Health: 0/27       AC:  4    Str: 13    XL:     3   Next: 55%
Magic:  6/6        EV: 11    Int: 13    God:
Gold:   113        SH:  0    Dex: 12    Spells: 6/6 levels left

rFire   . . .        a - +0 mace
rCold   . . .        (no shield)
rNeg    . . .        f - +1 leather armour
rPois   .            (no helmet)
rElec   .            (no cloak)
rCorr   .            (no gloves)
SInv    .            (no boots)
Will    .....        (no amulet)
Stlth   +            (no ring)
HPRegen 0.24/turn    (no ring)
MPRegen 0.10/turn

%: no passive effects
@: no status effects
A: no striking features
a: no special abilities


You were on level 2 of the Dungeon.
You visited 1 branch of the dungeon, and saw 2 of its levels.

You collected 113 gold pieces.

Inventory:

Hand Weapons
 a - a +0 mace (weapon)
 b - a +0 sling
 j - a +0 whip of pain
Missiles
 d - 7 darts of dispersal (quivered)
Armour
 f - a +1 leather armour (worn)
Scrolls
 c - 2 scrolls of blinking
 g - a scroll of enchant armour
Potions
 e - a potion of attraction
 h - a potion of enlightenment


   Skills:
 + Level 2.3 Fighting
 * Level 2.3 Maces & Flails
 - Level 2.0 Throwing
 + Level 1.4 Armour
 - Level 2.0 Dodging
 - Level 1.0 Unarmed Combat
 - Level 2.0 Spellcasting
 - Level 3.0 Translocations


You had 6 spell levels left.
You didn't know any spells.
Your spell library contained the following spells:

 Spells                   Type           Power      Damage    Failure   Level
 Blink                    Tloc           18%        N/A       14%         2
 Lesser Beckoning         Tloc           18%        N/A       14%         2
 Gell's Gravitas          Tloc           9%         N/A       28%         3
 Teleport Other           Tloc           9%         N/A       28%         3
 Tukima's Dance           Hex            1%         N/A       67%         3
 Manifold Assault         Tloc           9%         N/A       67%         4
 Dimensional Bullseye     Hex/Tloc       2%         N/A       86%         4
 Iskenderun's Mystic Bla  Conj/Tloc      5%         2d3       86%         4
 Vhi's Electric Charge    Tloc/Air       10%        N/A       86%         4
 Dispersal                Tloc           4%         N/A       100%        6


Dungeon Overview and Level Annotations

Branches:
Dungeon (2/15)

Altars:


Message History

The worm is lightly wounded.
An endoplasm comes into view.
The worm bites you!
You take 7 damage, and have 14/27 hp.
MASSIVE DAMAGE!!
The endoplasm quivers.
You hit the worm.
The worm is heavily wounded.
The worm bites you but does no damage.
You hit the worm.
The worm is severely wounded.
You hit the worm.
The worm is almost dead.
The worm completely misses you.
You hit the worm.
You kill the worm!
You hit the endoplasm but do no damage. The endoplasm freezes you.
You are frozen.
You take 5 damage, and have 11/27 hp.
You hit the endoplasm but do no damage.
The endoplasm hits you but does no damage.
The endoplasm completely misses you.
You hit the endoplasm.
The endoplasm is moderately wounded.
The endoplasm freezes you.
You are frozen.
You take 1 damage, and have 10/27 hp.
You hit the endoplasm.
The endoplasm is heavily wounded.
The endoplasm freezes you.
You are frozen.
* * * LOW HITPOINT WARNING * * *
You take 4 damage, and have 6/27 hp.
You barely miss the endoplasm.
The endoplasm is heavily wounded.
The endoplasm hits you.
* * * LOW HITPOINT WARNING * * *
The endoplasm barely misses you.
You take 2 damage, and have 4/27 hp.
The endoplasm attacks as it pursues you!
The endoplasm hits you but does no damage.
Press: ? - help, v - describe, . - travel
Here: an endoplasm (heavily wounded)
The floor.
Unknown command.
You hit the endoplasm.
The endoplasm is severely wounded.
The endoplasm freezes you.
You are frozen.
You die...

##..<..## .#.#)# #.##
##...## .#.#.# #
##+## .#.#. #.# ##.#
#.######## #.#
##.#......# #.#
#######....#....###.#
...........#....#...#
#######.........@J###
#..#............#
#..........######
####.#....## #......#
########


You could see an endoplasm.

Vanquished Creatures
  A worm (D:2)
  5 ball pythons
  2 bats
  5 endoplasms
  6 hobgoblins
  3 kobolds (D:1)
  2 frilled lizards (D:1)
  2 goblins (D:1)
  4 rats
30 creatures vanquished.

Notes
Turn   | Place    | Note
-------+----------+-------------------------------------------
     0 | D:1      | backslashecho the Human Warper began the quest for the Orb.
     0 | D:1      | Reached XP level 1. HP: 16/16 MP: 3/3
   228 | D:1      | Reached XP level 2. HP: 10/22 MP: 5/5
   585 | D:1      | Reached skill level 1 in Unarmed Combat
   729 | D:1      | Reached XP level 3. HP: 27/27 MP: 6/6
  1447 | D:2      | Frozen to death by an endoplasm

Illustrated notes

Levels and vault maps discovered:
D:1:      psy_arrival_radial01, layout_basic, minmay_misc_feat_rugged
D:2:      layout_loops_corners, serial_co_window_serial, co_window_paths_b,
          co_window_of_opportunity_a, co_window_paths_b, co_window_corner_a,
          co_window_of_opportunity_a, co_window_of_opportunity_a,
          co_window_paths_a, co_window_corner_ca, co_window_corner_b,
          co_window_corner_b, basic_altar, uniq_crazy_yiuf_cottage

Skill      XL: |  1  2  3 |
---------------+----------+-----
Unarmed Combat | 1 |  1.0
Throwing       | 2 |  2.0
Fighting       | |  2.3
Maces & Flails | |  2.3
Armour         | |  1.4
Dodging        | |  2.0
Spellcasting   | |  2.0
Translocations | |  3.0

Action                     || total
---------------------------++-------
  Melee: Mace              ||    62
   Fire: Sling             ||    36
    Use: Scroll            ||     3
   Stab: Sleeping          ||     1
 Armour: Leather armour    ||    43
  Dodge: Dodged            ||    39

Table legend: (Time is in decaauts)
 A = Elapsed time spent in this place.
 B = Non-inter-level travel time spent in this place.
 C = Inter-level travel time spent in this place.
 D = Time resting spent in this place.
 E = Time spent auto-exploring this place.
 F = Levels seen in this place.
 G = Mean time per level.
                   A        B        C        D        E       F      G
               +--------+--------+--------+--------+--------+-----+--------+
         Total |   1478 |   1306 |    172 |    152 |    871 |   2 |  739.0 |
       Dungeon |   1478 |   1306 |    172 |    152 |    871 |   2 |  739.0 |
               +--------+--------+--------+--------+--------+-----+--------+

Top non-repeatable levels by time:
     D:1: 1300 daAuts
     D:2: 178 daAuts
